 Dungeon Crawl Stone Soup version 0.28-a0-802-g09f76e8c00 (webtiles) character file.

Game seed: 9586150713498879788

50 iamoutofideas the Firebug (level 3, -1/24 HPs)
             Began as a Demonspawn Fire Elementalist on Nov 6, 2021.
             Slain by an orc priest (9 damage)
             ... on level 2 of the Dungeon.
             The game lasted 00:04:23 (3086 turns).

iamoutofideas the Firebug (DsFE)                    Turns: 3086, Time: 00:04:23

Health: -1/24      AC:  3    Str: 14    XL:     3   Next: 55%
Magic:  0/6        EV: 12    Int: 17    God:
Gold:   61         SH:  0    Dex: 13    Spells: 1/7 levels left

rFire   . . .      SeeInvis .   (no weapon)
rCold   . . .      Faith    .   (no shield)
rNeg    . . .      Spirit   .   a - +0 robe
rPois   .          Reflect  .   (no helmet)
rElec   .          Harm     .   (no cloak)
rCorr   .          Rampage  .   l - +0 pair of gloves
Will    .....                   (no boots)
Stlth   ++........              (no amulet)
HPRegen 0.08/turn               f - +6 ring of strength
MPRegen 0.10/turn               (no ring)

@: no status effects
A: claws 1, ignite blood 1
a: no special abilities


You were on level 2 of the Dungeon.
You visited 1 branch of the dungeon, and saw 3 of its levels.

You collected 61 gold pieces.

Inventory:

Armour
 a - a +0 robe (worn)
 l - a +0 pair of gloves (worn)
Jewellery
 f - a +6 ring of strength (left hand)
 o - a ring of magical power
Scrolls
 d - a scroll of immolation {unknown}
 g - a scroll of identify {unknown}
 h - a scroll of fog {unknown}
 i - a scroll of teleportation {unknown}
 j - a scroll of amnesia {unknown}
Potions
 b - a potion of attraction {unknown}
 c - a potion of haste
 e - a potion of mutation {unknown}
 k - 2 potions of invisibility {unknown}
 m - a potion of heal wounds {unknown}
 n - a potion of might


   Skills:
 + Level 0.1 Fighting
 + Level 1.8 Dodging
 - Level 1.7 Stealth
 + Level 2.5 Spellcasting
 + Level 1.9 Conjurations
 + Level 3.3 Fire Magic


You had one spell level left.
You knew the following spells:

 Your Spells              Type           Power      Damage    Failure   Level
a - Foxfire               Conj/Fire      44%        2x1d6     6%          1
b - Scorch                Fire           26%        2d6       7%          2
c - Conjure Flame         Conj/Fire      11%        6-21      19%         3

Your spell library contained the following spells:

 Spells                   Type           Power      Damage    Failure   Level
 Sublimation of Blood     Necr           2%         N/A       28%         2
 Inner Flame              Hex/Fire       7%         N/A       28%         3
 Flame Wave               Conj/Fire      11%        3d4       52%         4
 Petrify                  Tmut/Erth      2%         N/A       88%         4
 Irradiate                Conj/Tmut      2%         3d14      98%         5


Dungeon Overview and Level Annotations

Branches:
Dungeon (3/15)

Altars:


Innate Abilities, Weirdness & Mutations

You have sharp fingernails.
Your demonic aura sometimes causes spilled blood to erupt in flames.


Message History

There is a stone staircase leading up, spattered with blood here.
Casting: Foxfire (safe; 6% risk of failure)
Confirm with . or Enter, or press ? or * to list all spells.
There is not enough space to conjure foxfire!
The orc priest drinks a potion.
The orc priest seems to grow stronger.
You climb upwards.
There is a stone staircase leading down here.
Casting: Foxfire (safe; 6% risk of failure)
Confirm with . or Enter, or press ? or * to list all spells.
Flames lash the orc priest.
The orc priest is heavily wounded.
The orc priest's fire resistance burns away.
The orc priest mumbles some strange prayers to Beogh against you.
Beogh smites you!
Ouch! That really hurt!
Casting: Scorch (safe; 7% risk of failure)
Confirm with . or Enter, or press ? or * to list all spells.
Flames lash the orc priest.
The orc priest is burned terribly!
The orc priest is severely wounded.
The orc priest completely misses you.
Unknown command.
Casting: Scorch (safe; 7% risk of failure)
Confirm with . or Enter, or press ? or * to list all spells.
Flames lash the orc priest but do no damage.
The orc priest closely misses you.
Unknown command.
Casting: Scorch (safe; 7% risk of failure)
Confirm with . or Enter, or press ? or * to list all spells.
Okay, then.
You hit the orc priest but do no damage.
The orc priest is severely wounded.
The orc priest hits you with a +0 hand axe.
You hit the orc priest but do no damage.
The orc priest is severely wounded.
The orc priest is no longer more vulnerable to fire.
The orc priest barely misses you.
You hit the orc priest but do no damage.
The orc priest is severely wounded.
The orc priest hits you with a +0 hand axe!
You die...

.# #.# #...#.# .# #.# ##..#.# .#
#.# #...#.################ .# #.#
#...#................. .# #.#
#.#.#..############### .#
##.###.#.#..#.............. .#
#....รท.#....#.#############
.######.#######.o.#.#...........#
......#.#.......@...#.#########.#
##..###.###..########.# #.#
#.#.##.##.#.# #.# #.#
#.##.....##.# #.# ####.#
#.###...###.# #.# #....#
#.##.....##.## #.# #.####
#.#.##.##.#..# #.# #.#
#..###.###.#.# #.# #.# ####
#.###.#.# #.# #.####


You could see an orc priest (strong).

Vanquished Creatures
  A worm (D:2)
  5 orcs
  6 ball pythons
  4 endoplasms
  A giant cockroach (D:1)
  A goblin (D:1)
  6 hobgoblins
  7 bats
  A frilled lizard (D:2)
  2 kobolds
  3 rats
37 creatures vanquished.

Vanquished Creatures (others)
  145 foxfires
145 creatures vanquished.

Grand Total: 182 creatures vanquished

Notes
Turn   | Place    | Note
-------+----------+-------------------------------------------
     0 | D:1      | iamoutofideas the Demonspawn Fire Elementalist began the
                  | quest for the Orb.
     0 | D:1      | Reached XP level 1. HP: 13/13 MP: 3/3
   373 | D:1      | Reached skill level 3 in Fire Magic
   373 | D:1      | Gained mutation: You have sharp fingernails. [demonic
                  | ancestry]
   373 | D:1      | Reached XP level 2. HP: 14/19 MP: 0/5
   953 | D:1      | Found a faded altar of an unknown god.
  1738 | D:2      | Gained mutation: Your demonic aura sometimes causes spilled
                  | blood to erupt in flames. [demonic ancestry]
  1738 | D:2      | Reached XP level 3. HP: 24/24 MP: 3/6
  2171 | D:2      | Learned a level 2 spell: Scorch
  2175 | D:2      | Learned a level 3 spell: Conjure Flame
  3086 | D:2      | Slain by an orc priest

Illustrated notes

Levels and vault maps discovered:
D:1:      mrwooster_arrival_arrow, layout_basic, basic_ecumenical_altar
D:2:      minmay_wonky_spiral, layout_basic, hex_intersection,
          hangedman_abyss_or_decor_lesser_grid
D:3:      layout_basic, minmay_crystal_room, kennysheep_generic_room_10

Skill      XL: |  1 |
---------------+----+-----
Fire Magic     | 3 |  3.3
Fighting       | |  0.1
Dodging        | |  1.8
Stealth        | |  1.7
Spellcasting   | |  2.5
Conjurations   | |  1.9

Action                   || total
-------------------------++-------
Melee: Unarmed           ||    19
 Cast: Foxfire           ||   100
       Scorch            ||     3
Armor: Robe              ||    19
Dodge: Dodged            ||    42

Table legend: (Time is in decaauts)
 A = Elapsed time spent in this place.
 B = Non-inter-level travel time spent in this place.
 C = Inter-level travel time spent in this place.
 D = Time resting spent in this place.
 E = Time spent auto-exploring this place.
 F = Levels seen in this place.
 G = Mean time per level.
                   A        B        C        D        E       F      G
               +--------+--------+--------+--------+--------+-----+--------+
         Total |   3087 |   3009 |     78 |    723 |   1835 |   3 | 1029.0 |
       Dungeon |   3087 |   3009 |     78 |    723 |   1835 |   3 | 1029.0 |
               +--------+--------+--------+--------+--------+-----+--------+

Top non-repeatable levels by time:
     D:2: 1587 daAuts
     D:1: 1018 daAuts
     D:3: 481 daAuts
